 Dungeon Crawl Stone Soup version 0.25.1-2-g60ff931df9 (webtiles) character file.

Game seed: 17466380304845872351

51 hawla the Skirmisher (level 3, -1/33 HPs)
             Began as a Minotaur Berserker on Oct 2, 2020.
             Was a Believer of Trog.
             Killed from afar by a white imp (12 damage)
             ... with a puff of frost
             ... summoned by Natasha
             ... on level 2 of the Dungeon.
             The game lasted 00:02:10 (1300 turns).

hawla the Skirmisher (Minotaur Berserker)           Turns: 1300, Time: 00:02:13

Health: -1/33      AC:  2    Str: 22    XL:     3   Next: 57%
Magic:  2/2        EV: 13    Int:  4    God:    Trog [**....]
Gold:   43         SH:  0    Dex:  9    Spells: 2/2 levels left

rFire    . . .     SeeInvis .   e - +0 hand axe (curse)
rCold    . . .     Gourm    .   (no shield)
rNeg     . . .     Faith    .   b - +0 animal skin
rPois    .         Spirit   .   (helmet restricted)
rElec    .         Reflect  .   (no cloak)
rCorr    .         Harm     .   (no gloves)
MR       .....                  (no boots)
Stlth    +.........             (no amulet)
HPRegen  0.11/turn              (no ring)
MPRegen  0.08/turn              (no ring)

@: very slightly contaminated, invisible
A: retaliatory headbutt, horns 2
a: Berserk, Trog's Hand, Renounce Religion


You were on level 2 of the Dungeon.
You worshipped Trog.
Trog was pleased with you.
You were not hungry.

You visited 1 branch of the dungeon, and saw 2 of its levels.

You collected 43 gold pieces.

Inventory:

Hand Weapons
 a - a +0 mace
 e - a cursed +0 hand axe (weapon)
Armour
 b - a +0 animal skin (worn)
 i - a +1 scale mail of cold resistance
Scrolls
 d - 2 scrolls of teleportation {unknown}
Comestibles
 c - 3 chunks of flesh
 g - a ration


   Skills:
 + Level 4.2 Fighting
 + Level 1.0(2.8) Axes
 + Level 4.1(4.2) Maces & Flails
 + Level 2.5 Armour
 * Level 3.1 Dodging


You had 2 spell levels left.
You didn't know any spells.
Your spell library was empty.

Dungeon Overview and Level Annotations

Branches:
Dungeon (2/15)

Altars:
Xom

Annotations:
D:2 Natasha


Innate Abilities, Weirdness & Mutations

You reflexively headbutt those who attack you in melee.
You have a pair of horns on your head.


Message History

Trog accepts your kill.
Your base Axes skill increases to level 1!
Natasha barely misses you.
It was a potion of invisibility.
You fade into invisibility!
The white imp gestures at you. The puff of frost misses you.
Natasha claws you but does no damage.
You are very lightly contaminated with residual magic.
You hit Natasha but do no damage.
Natasha is moderately wounded.
You hit the white imp but do no damage. The white imp closely misses you.
Natasha closely misses you.
You miss Natasha.
Natasha is moderately wounded.
You hit the white imp but do no damage. The white imp hits you.
The white imp freezes you. Natasha misses you. You furiously retaliate!
You headbutt Natasha! The white imp gestures at you.
The puff of frost hits you!
You die...

###### ### ###### .
#..... #.###....#..
##..... #..##.._....
.......#######..........
#=................##....
#....†@##..............
#..$.5hg.....###.#####.
#........###...#.##
###.#..### ###....#####
.....## ########....##
...... ..........#...
#.....# ########.....#
...... #.###.. #..####


You could see Natasha, a white imp (summoned) and a hobgoblin.

Vanquished Creatures
  An adder (D:2)
  An ooze (D:1)
  2 dart slugs
  2 leopard geckos (D:1)
  A giant cockroach (D:1)
  3 goblins
  4 hobgoblins
  4 kobolds
  7 bats
  A frilled lizard (D:1)
  4 rats
30 creatures vanquished.

Notes
Turn   | Place    | Note
-------+----------+-------------------------------------------
     0 | D:1      | hawla the Minotaur Berserker began the quest for the Orb.
     0 | D:1      | Reached XP level 1. HP: 19/19 MP: 0/0
   118 | D:1      | Reached XP level 2. HP: 20/27 MP: 1/1
   682 | D:1      | Reached XP level 3. HP: 22/33 MP: 2/2
  1241 | D:2      | Reached ** piety under Trog
  1278 | D:2      | Found a shimmering altar of Xom.
  1289 | D:2      | Noticed Natasha
  1297 | D:2      | Reached skill level 1 in Axes
  1300 | D:2      | Killed from afar by a white imp

Illustrated notes

Levels and vault maps discovered:
D:1:      dpeg_arrival_radiant, layout_basic
D:2:      layout_rooms, brannock_xom_greatest_gift, uniq_natasha

Skill      XL: |  1  2  3 |
---------------+----------+-----
Fighting       | 4 |  4.2
Maces & Flails | 4 |  4.1
Dodging        | 3 |  3.1
Axes           | 1 |  1.0
Armour         | |  2.5

Action                   || total
-------------------------++-------
Melee: Hand axe          ||    67
       Mace              ||     4
       Headbutt          ||     6
  Use: Scroll            ||     3
       Potion            ||     1
  Eat: Ration            ||     1
Armor: Animal skin       ||    10
Dodge: Dodged            ||    59
